[Event "36th Belgrade Trophy 2023"]
[Site "Belgrade"]
[Date "2023.11.30"]
[Round "6.15"]
[White "Scekic, Veljko"]
[Black "Petrusic, Velimir"]
[Result "1-0"]
[ECO "C00"]
[WhiteElo "2211"]
[BlackElo "2060"]
[Annotator "NA RC"]
[PlyCount "45"]
[EventDate "2023.10.23"]
[EventType "swiss"]
[EventCountry "SRB"]
[SourceTitle "playchess.com"]
[Source "ChessBase"]
[SourceQuality "1"]
[TimeControl "40/5400+30:900+30"]

1. e4 e6 2. c4 d5 3. cxd5 exd5 4. exd5 Nf6 5. Nc3 Nxd5 6. Nf3 Bb4 7. a3 Bxc3 8. dxc3 O-O 9. Be2 Bg4 10. O-O Nc6 11. Qa4 Qd7 12. Rd1 Qe6 13. Nd4 Qg6 14. Bxg4 Qxg4 15. h3 Qh4 16. Qb5 Qh5 17. Nf3 Rad8 18. Bg5 Nf6 19. Qxb7 Ne5 20. Rxd8 Rxd8 21. Nxe5 Qxg5 22. Qxc7 Nh5 23. Nxf7 1-0

[Event "36th Belgrade Trophy 2023"]
[Site "Belgrade"]
[Date "2023.12.01"]
[Round "7.1"]
[White "Pap, Misa"]
[Black "Blagojevic, Dragisa"]
[Result "1/2-1/2"]
[ECO "C92"]
[WhiteElo "2426"]
[BlackElo "2438"]
[Annotator "TA"]
[PlyCount "35"]
[EventDate "2023.10.23"]
[EventType "swiss"]
[EventCountry "SRB"]
[SourceTitle "playchess.com"]
[Source "ChessBase"]
[SourceQuality "1"]
[TimeControl "40/5400+30:900+30"]

1. e4 e5 2. Nf3 Nc6 3. Bb5 a6 4. Ba4 Nf6 5. O-O Be7 6. Re1 b5 7. Bb3 d6 8. c3 O-O 9. h3 h6 10. d4 Re8 11. Nbd2 Bf8 12. a4 Bb7 13. d5 Nb8 14. c4 c6 {[%emt 0:00:30] [#] Not much happened in this game.  C92: Closed Ruy Lopez: 9...Be6, Karpov and Flohr-Zaitsev Variations.} {Predecessor:} 15. axb5 $146 axb5 16. Rxa8 Bxa8 17. dxc6 bxc4 18. Nxc4 {½-½ Madaminov,M (2471)-Kovalev,V (2603) Astana Zhuldyzdary op-A 2023 (5)} 1/2-1/2

[Event "36th Belgrade Trophy 2023"]
[Site "Belgrade"]
[Date "2023.12.01"]
[Round "7.2"]
[White "Nenezic, Marko"]
[Black "Atalik, Suat"]
[Result "0-1"]
[ECO "D28"]
[WhiteElo "2499"]
[BlackElo "2427"]
[Annotator "TA"]
[PlyCount "80"]
[EventDate "2023.10.23"]
[EventType "swiss"]
[EventCountry "SRB"]
[SourceTitle "playchess.com"]
[Source "ChessBase"]
[SourceQuality "1"]
[TimeControl "40/5400+30:900+30"]

1. d4 d5 2. c4 dxc4 3. e3 a6 4. Bxc4 e6 5. Nf3 c5 6. O-O Nf6 7. Bb3 Nc6 8. Nc3 b5 9. Qe2 Bb7 10. Rd1 Be7 $1 {[%emt 0:00:07] D28: Queen's Gambit Accepted: Classical main line: 7 Qe2 with early ...Nc6.} 11. d5 exd5 12. Nxd5 Nxd5 {[%emt 0:00:14] The position is equal.} 13. Bxd5 Qb6 14. e4 O-O 15. Be3 Nb4 16. Bxb7 Qxb7 17. a3 Nc6 18. Rd5 Rad8 19. Rad1 c4 20. Bf4 Rfe8 {[%emt 0:03:59] [#]} 21. h4 $146 ({Predecessor:} 21. R1d2 Qc8 22. h3 Qe6 23. Bc7 Rc8 24. Rd7 h6 25. e5 Qf5 26. Qe3 Bg5 27. Nxg5 hxg5 {1-0 Maurischat,P (2176)-Krockenberger,M (2170) Oberliga Wuerttemberg 0809 2008 (1.5)}) 21... Qc8 22. Qc2 h6 23. h5 Qe6 24. Bc7 Rc8 25. Bg3 Bf8 (25... b4 $5 ) 26. e5 ({White should try} 26. Ne5 $15) 26... Red8 27. Rxd8 Rxd8 28. Rxd8 Nxd8 29. Qe4 {[%emt 0:00:20] Inhibits Qg4.} Qc6 {[%emt 0:00:51] Repels Qa8} 30. Nd2 c3 31. bxc3 {[%emt 0:01:47] [#] Now White is beyond hope.} (31. Qxc6 $17 Nxc6 32. bxc3) 31... Qxc3 $19 32. Qd5 Ne6 33. Kh2 Qd4 {[%emt 0:00:59] Prevents Ne4} ({Inferior is} 33... Bxa3 34. Nb1 Qc5 35. Qa8+ Qf8 36. Qxa6 $11) (33... Qxa3 $2 {too greedy.} 34. Ne4 $19) 34. Qa2 Qg4 {[%emt 0:03:04] Black is clearly winning.} 35. Nf3 Qxh5+ 36. Kg1 Qg4 37. Qd5 g5 38. Qa8 Qa4 39. Kh2 h5 {[%emt 0:00:33] And now ...h4 would win.} 40. Kh1 Qd1+ {[%emt 0:00:00] Weighted Error Value: White=0.35/Black=0.04 (flawless)} 0-1

[Event "36th Belgrade Trophy 2023"]
[Site "Belgrade"]
[Date "2023.12.01"]
[Round "7.3"]
[White "Savic, Mihailo S"]
[Black "Bryakin, Mikhail"]
[Result "0-1"]
[ECO "C68"]
[WhiteElo "2157"]
[BlackElo "2478"]
[Annotator "TA"]
[PlyCount "82"]
[EventDate "2023.10.23"]
[EventType "swiss"]
[EventCountry "SRB"]
[SourceTitle "playchess.com"]
[Source "ChessBase"]
[SourceQuality "1"]
[TimeControl "40/5400+30:900+30"]

1. e4 e5 2. Nf3 Nc6 3. Bb5 a6 4. Bxc6 dxc6 5. O-O Bg4 6. h3 h5 7. d3 Qf6 8. Nbd2 {[%emt 0:00:05] [#]} g5 $1 9. b4 {[%emt 0:17:47] C68: Ruy Lopez: Exchange Variation, sidelines.} Qg7 10. Nc4 ({But not} 10. hxg4 hxg4 $17) 10... Bc8 $1 ({Don't do} 10... Bxf3 11. Qxf3 f6 12. Bd2 $14) 11. Bxg5 {[%emt 0:11:47] The position is equal.} f6 12. Bd2 Bxh3 13. Nh4 Ne7 (13... O-O-O $11) 14. Qf3 (14. f4 $1 $14) 14... Be6 $11 15. a4 O-O-O {[%emt 0:00:49] Hoping for ...Bxc4.} 16. Ne3 b6 {[%emt 0:00:12] [#]} 17. Nef5 $146 (17. Rfb1 $11 {remains equal.}) ({Predecessor:} 17. a5 b5 18. Qg3 Qf7 19. f4 Rg8 20. Qe1 exf4 21. Rxf4 Ng6 22. Rf3 Bg4 23. Rf1 Nxh4 24. Qxh4 {0-1 Stukalov,M (2244)-Parshin,V (2423) RUS RC1/Ruby email 2018}) 17... Nxf5 $1 $17 18. Nxf5 Qg4 19. Qxg4 hxg4 20. Ne3 c5 {[%emt 0:02:17][%cal Bc6c5,Bc5c4][%mdl 32] Black is more active.} 21. Rfb1 {[%emt 0:08:18] [#]} (21. a5 $17) 21... c4 $1 $19 22. Ra3 (22. Be1 cxd3) 22... Rh7 (22... a5 $19 23. Be1 Rd7) 23. Be1 (23. a5 $17 {was called for.}) 23... a5 24. dxc4 {[%emt 0:02:29] [#]} Bxb4 $1 25. Rd3 Rdh8 26. Kf1 Rh1+ 27. Ke2 Rxe1+ 28. Rxe1 Bxe1 29. Kxe1 {[%emt 0:00:03][%mdl 4096] Endgame [#] KRB-KRN} Rh1+ $1 30. Kd2 Ra1 {[%emt 0:00:14] Wards off Ra3} 31. Nd5 Rxa4 32. Nxf6 Rxc4 33. Rg3 (33. f3 $142) 33... a4 34. Nxg4 (34. Ra3 {keeps fighting.}) 34... a3 {[%emt 0:02:27][%mdl 64] Deflection} (34... Rxe4 $2 {loses.} 35. Nh2 $19) 35. Rxa3 Bxg4 {[%emt 0:00:07] KRB-KR} 36. f3 Be6 37. c3 b5 {[%emt 0:00:44][%cal Bb6b5,Bb5a4,Ba4a3][%mdl 32] aiming for ...Ra4.} 38. g3 (38. Ra5 $19 c6 39. Ra7) 38... Ra4 {[%emt 0:00:55] Black mates.} 39. Rxa4 bxa4 40. f4 a3 41. Kc2 Bc4 {[%emt 0:01:23] Weighted Error Value: White=0.43/Black=0.11 (very precise)} 0-1

[Event "36th Belgrade Trophy 2023"]
[Site "Belgrade"]
[Date "2023.12.01"]
[Round "7.4"]
[White "Trailovic, Aleksandar"]
[Black "Enkhnar, Enkhbaatar"]
[Result "0-1"]
[ECO "B23"]
[WhiteElo "2132"]
[BlackElo "2327"]
[Annotator "RC"]
[PlyCount "106"]
[EventDate "2023.10.23"]
[EventType "swiss"]
[EventCountry "SRB"]
[SourceTitle "playchess.com"]
[Source "ChessBase"]
[SourceQuality "1"]
[TimeControl "40/5400+30:900+30"]

1. e4 c5 2. Nc3 Nc6 3. f4 g6 4. Nf3 Bg7 5. Bb5 Nd4 6. O-O Nxb5 7. Nxb5 d5 8. exd5 a6 9. Nc3 Nf6 10. d4 Nxd5 11. dxc5 Nxc3 12. Qxd8+ Kxd8 13. bxc3 Bxc3 14. Rb1 Kc7 15. Rb3 Bf6 16. Bd2 Be6 17. Ba5+ Kc6 18. Rb6+ Kxc5 19. Nd2 Bd5 20. c4 Bc6 21. Rd1 Bd4+ 22. Kf1 Be3 23. Nb3+ Kxc4 24. Rb4+ Kc3 25. Ke2 Rhd8 26. Rbd4+ Kb2 27. Rxd8 Rxd8 28. Bxd8 Bxf4 29. g3 Bd6 30. Rd2+ Ka3 31. Nd4 Be4 32. Nc2+ Kxa2 33. Ke3 f5 34. Nb4+ Kb3 35. Nd5 Bc5+ 36. Ke2 e5 37. Bb6 Bf8 38. Nf6 Bc6 39. Nxh7 Bb4 40. Rd8 a5 41. Nf8 a4 42. Nxg6 Bc3 43. Bc5 b5 44. h4 b4 45. h5 a3 46. h6 a2 47. Rd1 Be8 48. h7 e4 49. Bd4 Bxd4 50. Rxd4 a1=Q 51. h8=Q Bb5+ 52. Ke3 Qc1+ 53. Rd2 Qe1+ 0-1

[Event "36th Belgrade Trophy 2023"]
[Site "Belgrade"]
[Date "2023.12.01"]
[Round "7.5"]
[White "Stanojevic, Ilija"]
[Black "Martic, Ivan"]
[Result "0-1"]
[ECO "A88"]
[WhiteElo "2117"]
[BlackElo "2292"]
[Annotator "RC"]
[PlyCount "52"]
[EventDate "2023.10.23"]
[EventType "swiss"]
[EventCountry "SRB"]
[SourceTitle "playchess.com"]
[Source "ChessBase"]
[SourceQuality "1"]
[TimeControl "40/5400+30:900+30"]

1. d4 f5 2. c4 Nf6 3. g3 g6 4. Bg2 Bg7 5. Nc3 O-O 6. Nf3 d6 7. O-O c6 8. Qb3 Na6 9. Re1 Qb6 10. Qc2 Qc7 11. e4 Nxe4 12. Nxe4 fxe4 13. Qxe4 e5 14. dxe5 Bf5 15. Qh4 dxe5 16. Be3 Nb4 17. g4 Bd3 18. Ng5 Bf6 19. Red1 Bxc4 20. Bc5 Nd3 21. Bxf8 Rxf8 22. Bf1 e4 23. b3 Bd5 24. Bxd3 exd3 25. Rac1 Qe7 26. Re1 d2 0-1

[Event "36th Belgrade Trophy 2023"]
[Site "Belgrade"]
[Date "2023.12.01"]
[Round "7.6"]
[White "Liu, Zexu"]
[Black "Savic, Nemanja"]
[Result "1-0"]
[ECO "E04"]
[WhiteElo "2286"]
[BlackElo "2136"]
[Annotator "RC"]
[PlyCount "133"]
[EventDate "2023.10.23"]
[EventType "swiss"]
[EventCountry "SRB"]
[SourceTitle "playchess.com"]
[Source "ChessBase"]
[SourceQuality "1"]
[TimeControl "40/5400+30:900+30"]

1. Nf3 d5 2. g3 c5 3. Bg2 Nc6 4. d4 Nf6 5. O-O e6 6. c4 dxc4 7. dxc5 Qxd1 8. Rxd1 Bxc5 9. Nbd2 c3 10. bxc3 O-O 11. Nb3 Be7 12. c4 Bd7 13. Bb2 Rfc8 14. Rac1 Be8 15. Nfd4 Nxd4 16. Bxd4 Bc6 17. Bxc6 bxc6 18. c5 Rd8 19. Bxf6 gxf6 20. Rd4 Rxd4 21. Nxd4 Rc8 22. e4 Kf8 23. Kg2 Ke8 24. Rc4 Kd7 25. Nb3 Rc7 26. Kf3 Rb7 27. Ra4 Kc8 28. Ra6 Rc7 29. Ke2 Kb7 30. Ra4 Rd7 31. h4 Bf8 32. Rb4+ Kc8 33. Rc4 Kc7 34. h5 Be7 35. Rc3 Kb7 36. Na5+ Kc7 37. Rc4 Bf8 38. f3 Be7 39. Nb3 Bf8 40. Nc1 Kb8 41. Nd3 Rb7 42. Rd4 Kc7 43. Ra4 Kb8 44. Rc4 Rb1 45. a4 Kc7 46. g4 Rb3 47. f4 Rb1 48. e5 Rg1 49. exf6 Rxg4 50. Ne5 Rh4 51. Nxf7 Rxh5 52. Ng5 Kd7 53. Rd4+ Ke8 54. f7+ Ke7 55. Rd6 e5 56. Re6+ Kd7 57. Rxe5 h6 58. Nh7 Rxe5+ 59. fxe5 Bxc5 60. f8=Q Bxf8 61. Nxf8+ Ke7 62. Ng6+ Ke6 63. Ke3 Kf5 64. Ne7+ Kxe5 65. Nxc6+ Kd5 66. Nxa7 Kc5 67. Nb5 1-0

[Event "36th Belgrade Trophy 2023"]
[Site "Belgrade"]
[Date "2023.12.01"]
[Round "7.7"]
[White "Gusev, Mikhail"]
[Black "Kilic, Eray"]
[Result "0-1"]
[ECO "B77"]
[WhiteElo "2055"]
[BlackElo "2446"]
[Annotator "TA"]
[PlyCount "114"]
[EventDate "2023.10.23"]
[EventType "swiss"]
[EventCountry "SRB"]
[SourceTitle "playchess.com"]
[Source "ChessBase"]
[SourceQuality "1"]
[TimeControl "40/5400+30:900+30"]

1. e4 c5 2. Nf3 Nc6 3. d4 cxd4 4. Nxd4 g6 5. Nc3 Bg7 6. Be3 Nf6 7. Bc4 O-O 8. Bb3 d6 9. f3 Qa5 10. Qd2 Nxd4 11. Bxd4 Be6 12. Bxe6 fxe6 13. O-O-O {[%emt 0:04:33] B77: Sicilian Dragon: Yugoslav Attack, 9 Bc4 sidelines.} b5 14. Kb1 b4 15. Ne2 {[%emt 0:00:14] White is slightly better.} Rfc8 16. g4 Rc6 {[%emt 0:09:03] [#]} 17. g5 $146 ({Predecessor:} 17. Qd3 Rac8 18. Rd2 Bh6 19. Be3 Ra6 20. Nc1 Bxe3 21. Qxe3 Nd7 22. h4 Ne5 23. Rdh2 {1-0 Bruechner,S-Landgraf,S Leipzig-02 Open 1963/64 (6)}) 17... Nh5 18. Bxg7 Nxg7 19. Qd3 Rac8 (19... Qxg5 $17 20. f4 Qf6) 20. Nd4 $1 $11 Rc4 21. f4 e5 22. Nb3 Qb5 23. Nd2 R4c5 24. Qb3+ Kh8 25. f5 Rxc2 26. f6 exf6 27. gxf6 Nh5 28. f7 (28. Nf3 $1 $11 {was the only way to keep the balance.}) 28... Kg7 {[%emt 0:02:17] Black has more active pieces.} 29. Nf3 R2c7 $40 {[%emt 0:22:18][%mdl 128] Black is up to no good.} (29... Nf4 $17 {White must now prevent ...Qc6.} 30. Rxd6 Qc5 31. f8=B+ Kxf8 32. Rd8+ (32. Rf6+ $2 Kg7 $19) 32... Rxd8 33. Qxc2 Qd6) 30. Ng5 ({White must play} 30. a4 $1 $15 Qc6 31. Ng5) 30... Nf4 $1 $17 31. Rhf1 ({White should play} 31. Rxd6 Qc5 32. Qd1) 31... Qc6 $2 ({Black should try} 31... Re7 $1 $17 {Threatens to win with ...a5.} 32. h4 a5) 32. f8=Q+ Rxf8 $4 {[%emt 0:00:04][%mdl 8192] [#]} (32... Kxf8 $11 33. Ne6+ (33. Qxb4 Qc2+ 34. Ka1 Qxd1+ {[%mdl 64] Remove Defender, Back Rank} 35. Rxd1 Rc1+ {[%mdl 64] Back Rank} 36. Rxc1 Rxc1#) 33... Ke7 34. Nxc7 (34. Nxf4 $2 exf4 35. a3 Qc2+ 36. Qxc2 Rxc2 $19) 34... Qxe4+ 35. Ka1 Rxc7) 33. Rxf4 $1 Rxf4 $19 ({Stronger than} 33... exf4 34. Ne6+ Kf6 35. Nxc7 (35. Nxf8 $2 Qxe4+ 36. Ka1 Qe3 $17) 35... Qxc7 36. Qxb4 $17) 34. Ne6+ Kf6 $1 35. Nxc7 Qxc7 36. Qxb4 {[%emt 0:00:13][%mdl 4096] Endgame [#] KQR-KQR} d5 37. Qf8+ (37. h4 $142) 37... Kg5 38. Rg1+ Kh5 39. Qa3 dxe4 40. Qh3+ Rh4 {[%emt 0:00:00][%mdl 64] Skewer} 41. Qe3 Qd8 {[%emt 0:01:00] Prevents Qg5+. aiming for ...Qd3+.} (41... Rxh2 $2 42. Qg5#) 42. Qxa7 Kh6 (42... Rxh2 $2 43. Qxh7#) (42... h6 $19 {And now ...Qd3+ would win.} 43. Qf2 Qd3+ 44. Kc1 Qf3) 43. Qe3+ $17 Rf4 {[%emt 0:00:07] ...Qd3+ is the strong threat.} 44. Re1 Kg7 45. a4 Qd3+ 46. Ka2 {[%emt 0:00:30] [#]} (46. Kc1 $17 {was worth a try.}) 46... Qa6 (46... Qd7 $1 $19 47. b3 Qd5) 47. Qa3 (47. b3 $17) 47... e3 $19 48. a5 (48. Kb1) 48... e2 {[%emt 0:00:03] ...Qb5 would be deadly.} 49. Kb1 Qe6 $2 (49... Qc4 $19 50. h4 Qd4) 50. Qd3 $17 Ra4 51. b3 Rd4 52. Qc2 {[%emt 0:00:20][%mdl 8192] White does not recover from this.} (52. Qc3 $17 Qa6 53. Kb2 (53. Qc7+ Kf6 $17)) 52... Qd5 $19 {[%emt 0:00:03] ( -> ...Rd1+). Black is clearly winning.} ({Inferior is} 52... Rd5 53. Rxe2 Qd6 54. Qc3 $17) 53. Kc1 {[%emt 0:01:20] Inhibits Rd1+.} Qxa5 54. Qxe2 Qc3+ 55. Kb1 Qxb3+ 56. Qb2 Qd3+ 57. Qc2 Rb4+ {[%emt 0:00:04] A cool game by Kilic.   Weighted Error Value: White=0.59/Black=0.40} 0-1

[Event "36th Belgrade Trophy 2023"]
[Site "Belgrade"]
[Date "2023.12.01"]
[Round "7.8"]
[White "Chelushkina, Irina"]
[Black "Antic, Dejan"]
[Result "0-1"]
[ECO "A08"]
[WhiteElo "2145"]
[BlackElo "2362"]
[Annotator "RC"]
[PlyCount "54"]
[EventDate "2023.10.23"]
[EventType "swiss"]
[EventCountry "SRB"]
[SourceTitle "playchess.com"]
[Source "ChessBase"]
[SourceQuality "1"]
[TimeControl "40/5400+30:900+30"]

1. g3 Nf6 2. Bg2 d5 3. Nf3 c5 4. O-O e6 5. d3 Nc6 6. Nc3 Be7 7. e4 d4 8. Ne2 e5 9. Ne1 h5 10. Nf3 Nh7 11. h3 Be6 12. c4 g5 13. Ne1 Qd7 14. Kh2 g4 15. h4 Nf8 16. a3 Ng6 17. Bd2 O-O-O 18. b4 Rdg8 19. bxc5 Bxh4 20. gxh4 Nxh4 21. Ng3 Nxg2 22. Kxg2 h4 23. Nf5 Bxf5 24. exf5 Qxf5 25. Kg1 g3 26. fxg3 Rxg3+ 27. Ng2 Qg6 0-1

[Event "36th Belgrade Trophy 2023"]
[Site "Belgrade"]
[Date "2023.12.01"]
[Round "7.9"]
[White "Milosevic, Milos"]
[Black "Scekic, Veljko"]
[Result "1/2-1/2"]
[ECO "C02"]
[WhiteElo "2362"]
[BlackElo "2211"]
[Annotator "RC"]
[PlyCount "103"]
[EventDate "2023.10.23"]
[EventType "swiss"]
[EventCountry "SRB"]
[SourceTitle "playchess.com"]
[Source "ChessBase"]
[SourceQuality "1"]
[TimeControl "40/5400+30:900+30"]

1. e4 c5 2. c3 e6 3. d4 d5 4. e5 Bd7 5. Nf3 Qb6 6. Bd3 Bb5 7. O-O Bxd3 8. Qxd3 c4 9. Qe2 Nc6 10. Nbd2 Qc7 11. b3 Na5 12. Re1 Ne7 13. Nf1 Ng6 14. h4 h5 15. g3 Be7 16. Ne3 Rc8 17. Bd2 Nf8 18. Ng2 Qd7 19. Rab1 b6 20. Nf4 g6 21. Nh3 Nh7 22. Kg2 Kd8 23. Nhg5 Nxg5 24. Nxg5 Bxg5 25. Bxg5+ Kc7 26. Qf3 Kb7 27. b4 Nc6 28. Re3 Rh7 29. Bf6 Ne7 30. Qd1 Nf5 31. Re1 a6 32. a4 Rg8 33. b5 a5 34. Qd2 Qe8 35. Rh1 Qf8 36. f3 Kc8 37. Kf2 Kd7 38. Ra1 Ng7 39. Ke2 Nf5 40. Rhg1 Ng7 41. Kd1 Ne8 42. Bg5 Ng7 43. Kc2 Ne8 44. Kb2 Kc8 45. Rg2 Kd7 46. Rag1 Kc8 47. Qf4 Kd7 48. Ka2 Kc8 49. Qc1 Kd7 50. Qc2 Kc8 51. Bc1 Qe7 52. Bg5 1/2-1/2

[Event "36th Belgrade Trophy 2023"]
[Site "Belgrade"]
[Date "2023.12.01"]
[Round "7.10"]
[White "Besedes, Danilo"]
[Black "Kijanovic, Igor"]
[Result "1-0"]
[ECO "E14"]
[WhiteElo "2277"]
[BlackElo "2163"]
[Annotator "NA RC"]
[PlyCount "51"]
[EventDate "2023.10.23"]
[EventType "swiss"]
[EventCountry "SRB"]
[SourceTitle "playchess.com"]
[Source "ChessBase"]
[SourceQuality "1"]
[TimeControl "40/5400+30:900+30"]

1. d4 Nf6 2. Nf3 e6 3. e3 b6 4. Bd3 Bb7 5. O-O Be7 6. c4 O-O 7. Nc3 d5 8. cxd5 exd5 9. b3 Nbd7 10. Bb2 Re8 11. Rc1 a6 12. Ne5 Bd6 13. f4 Nf8 14. Qf3 Qe7 15. g4 Kh8 16. g5 Ne4 17. Qh5 Bxe5 18. dxe5 c5 19. Bxe4 dxe4 20. Na4 Nd7 21. f5 Nxe5 22. f6 gxf6 23. Rxf6 Rg8 24. Kh1 Rg6 25. Rf5 Re6 26. Rxf7 1-0

[Event "36th Belgrade Trophy 2023"]
[Site "Belgrade"]
[Date "2023.12.01"]
[Round "7.11"]
[White "Djokic, Nenad"]
[Black "Belke, Frank"]
[Result "1/2-1/2"]
[ECO "D85"]
[WhiteElo "2223"]
[BlackElo "2121"]
[Annotator "RC"]
[PlyCount "97"]
[EventDate "2023.10.23"]
[EventType "swiss"]
[EventCountry "SRB"]
[SourceTitle "playchess.com"]
[Source "ChessBase"]
[SourceQuality "1"]
[TimeControl "40/5400+30:900+30"]

1. d4 Nf6 2. c4 g6 3. Nc3 d5 4. cxd5 Nxd5 5. e4 Nxc3 6. bxc3 Bg7 7. Be3 c5 8. Qd2 Qa5 9. Nf3 O-O 10. Rc1 cxd4 11. cxd4 Qxd2+ 12. Nxd2 Nc6 13. Nb3 a5 14. a4 e5 15. d5 Nd4 16. Bxd4 exd4 17. Bb5 f5 18. exf5 Bxf5 19. O-O Be4 20. Rfd1 Bxd5 21. Nxd4 Rac8 22. Rxc8 Rxc8 23. Nf3 Bb3 24. Re1 Bh6 25. h4 Rc1 26. Rxc1 Bxc1 27. Nd4 Bd5 28. g3 Bb2 29. Nc2 Kf8 30. Kf1 Ke7 31. Ke2 Be4 32. Ne3 Bd4 33. Nc4 b6 34. f3 Bd5 35. Ne3 Bb7 36. h5 Kf6 37. hxg6 hxg6 38. f4 Be4 39. Nc4 Ke6 40. Nd2 Bf5 41. Nf3 Bc3 42. Bd3 Kd5 43. Bxf5 gxf5 44. Kd3 Bf6 45. Nh4 Ke6 46. Kc4 Be7 47. Kb5 Bc5 48. Kc6 Bf2 49. Nf3 1/2-1/2

[Event "36th Belgrade Trophy 2023"]
[Site "Belgrade"]
[Date "2023.12.01"]
[Round "7.12"]
[White "Stojanovic, Mihajlo"]
[Black "Oliinyk, Serafim"]
[Result "1-0"]
[ECO "D54"]
[WhiteElo "2490"]
[BlackElo "1990"]
[Annotator "TA"]
[PlyCount "131"]
[EventDate "2023.10.23"]
[EventType "swiss"]
[EventCountry "SRB"]
[SourceTitle "playchess.com"]
[Source "ChessBase"]
[SourceQuality "1"]
[TimeControl "40/5400+30:900+30"]

1. d4 d5 2. c4 e6 3. Nc3 Nf6 4. Bg5 Be7 5. e3 h6 6. Bh4 O-O 7. Rc1 b6 8. cxd5 Nxd5 9. Nxd5 exd5 10. Bxe7 Qxe7 11. Be2 Bb7 12. Bf3 {[%emt 0:00:30] D54: Queen's Gambit Declined: 4 Bg5 Be7: Lines without Nf3.} c6 13. Ne2 Nd7 14. O-O {[%emt 0:01:00] [#] White is slightly better.} Rfd8 $146 ({Predecessor:} 14... Nf6 15. Nf4 Rfd8 16. Nd3 Rac8 17. Qa4 a5 18. Rfd1 Qd6 19. Qb3 Qc7 20. h4 Ba6 {1-0 Nikolac,J (2440)-Goehring,K (2355) Bundesliga 1985/86 (1.3)}) 15. Nf4 Qd6 16. Qb3 a5 17. Rfd1 a4 18. Qc3 Nf6 19. Nd3 Rac8 20. Qb4 Qxb4 21. Nxb4 Kf8 22. Re1 Rc7 23. Rc3 Ke7 24. Rec1 Kd6 25. Bd1 Ra8 26. f3 c5 27. Kf2 Rcc8 28. Nd3 Nd7 (28... c4 $5 29. Nb4 h5 $11) 29. g4 c4 30. Nb4 Rf8 (30... f6 {feels stronger.}) 31. Bc2 g6 32. e4 b5 33. a3 Rae8 {[%emt 0:00:00] Black is now going downhill.} (33... Kc7 $11 {remains equal.}) 34. e5+ $16 Kc7 35. f4 Rh8 36. Rh3 {[%emt 0:01:00] White is more active.} Nb6 (36... Nb8 $16 {might work better.}) 37. Rg1 Bc8 (37... Nc8 $16 {keeps fighting.}) 38. f5 $18 Reg8 (38... Ref8 $142 39. Ke3 g5) 39. Rgg3 Bd7 40. Rh4 f6 41. Rgh3 (41. exf6 $6 g5 42. Rhh3 Rf8 $18) (41. fxg6 fxe5 42. dxe5 Be8 $18) 41... fxe5 42. dxe5 Rf8 $2 {[%emt 0:16:00] [#]} (42... gxf5 43. gxf5 Rf8) 43. Rxh6 Rxh6 44. Rxh6 gxf5 45. Na6+ Kb7 46. Nc5+ Kc7 {[%emt 0:00:30] [#]} 47. Rxb6 $1 {[%emt 0:00:00][%mdl 576] Hoping for Nxd7. Remove Defender, Decoy} fxg4+ 48. Rf6 Rh8 49. Kg2 {[%emt 0:00:30] And now Rf7 would win.} Bc8 50. Bg6 {[%emt 0:00:30] Wards off Re8} d4 51. Be4 d3 52. Rc6+ Kb8 (52... Kd8 $142 53. e6 d2) 53. e6 Rd8 54. Kf2 d2 55. Bc2 Bxe6 56. Rb6+ Ka7 (56... Kc8 $142 57. Rc6+ Kb8 58. Rxe6 d1=Q 59. Bxd1 Rxd1 60. Rb6+ Kc7 61. Rxb5 Rd2+ 62. Ke3 Rxh2 63. Nxa4 Kd6) 57. Rb7+ ({Not} 57. Rxb5 Bd5 58. Rb4 (58. Nxa4 Bf3 $16) (58. Bxa4 Bc6 $14) 58... Bf3 59. Rxa4+ (59. Rxc4 d1=Q $16) 59... Kb6 $18) 57... Ka8 58. Nxe6 d1=Q 59. Bxd1 Rxd1 60. Rxb5 {[%emt 0:00:00][%mdl 4096] Endgame KRN-KR} Rd3 61. Ra5+ Kb8 62. Rxa4 Rd2+ 63. Kg3 Rxb2 64. Rb4+ {[%emt 0:00:42] White mates.} Rxb4 65. axb4 c3 66. Nd4 {[%emt 0:00:09] Weighted Error Value: White=0.12 (very precise) /Black=0.32} (66. Kxg4 $2 {perishes.} c2 67. Ng5 c1=Q $19) 1-0

[Event "36th Belgrade Trophy 2023"]
[Site "Belgrade"]
[Date "2023.12.01"]
[Round "7.13"]
[White "Mezentsev, Ivan"]
[Black "Carnic, Dejan"]
[Result "1-0"]
[ECO "C65"]
[WhiteElo "2362"]
[BlackElo "1958"]
[Annotator "RC"]
[PlyCount "59"]
[EventDate "2023.10.23"]
[EventType "swiss"]
[EventCountry "SRB"]
[SourceTitle "playchess.com"]
[Source "ChessBase"]
[SourceQuality "1"]
[TimeControl "40/5400+30:900+30"]

1. e4 e5 2. Nf3 Nc6 3. Bb5 Nf6 4. d3 Bc5 5. O-O Nd4 6. Nxd4 Bxd4 7. Nd2 c6 8. Ba4 d6 9. c3 Bb6 10. Nc4 Bc7 11. Ne3 O-O 12. Qf3 d5 13. h3 Be6 14. Bc2 Re8 15. Nf5 Bxf5 16. Qxf5 g6 17. Qf3 Nh5 18. Bb3 Nf4 19. Bxf4 dxe4 20. Qxe4 exf4 21. Qf3 Qd7 22. d4 Rad8 23. Rad1 Qf5 24. Rfe1 Kf8 25. Rxe8+ Kxe8 26. d5 cxd5 27. Bxd5 b6 28. c4 Kf8 29. Re1 Re8 30. Qa3+ 1-0

[Event "36th Belgrade Trophy 2023"]
[Site "Belgrade"]
[Date "2023.12.01"]
[Round "7.14"]
[White "Popchev, Milko"]
[Black "Garifulin, Yury"]
[Result "1/2-1/2"]
[ECO "B50"]
[WhiteElo "2244"]
[BlackElo "1956"]
[Annotator "RC"]
[PlyCount "78"]
[EventDate "2023.10.23"]
[EventType "swiss"]
[EventCountry "SRB"]
[SourceTitle "playchess.com"]
[Source "ChessBase"]
[SourceQuality "1"]
[TimeControl "40/5400+30:900+30"]

1. e4 c5 2. Nf3 d6 3. Be2 g6 4. O-O Bg7 5. Re1 Nf6 6. Bf1 Nc6 7. c3 O-O 8. a3 e5 9. b4 d5 10. exd5 Qxd5 11. b5 e4 12. c4 Qh5 13. bxc6 exf3 14. Qxf3 Ng4 15. h3 Bxa1 16. Nc3 Nh6 17. g4 Bxg4 18. hxg4 Qxg4+ 19. Qxg4 Nxg4 20. cxb7 Rae8 21. Rxe8 Rxe8 22. a4 Ne5 23. Bg2 Bxc3 24. dxc3 Nd7 25. Bf4 Nb8 26. Bd5 Kg7 27. Kg2 f5 28. Bd6 Na6 29. f4 h6 30. Kf3 Kf6 31. a5 g5 32. Kf2 g4 33. Bg2 h5 34. Kg3 Re3+ 35. Kh4 Re2 36. Be5+ Kg6 37. Bc6 Re3 38. Bg2 Re2 39. Bc6 Re3 1/2-1/2